 Dungeon Crawl Stone Soup version 0.24-a0-201-gf205589 (webtiles) character file.

Game seed: 18230423669859501321

62 Hasart the Insei (level 4, 0/43 HPs)
             Began as an Octopode Transmuter on Mar 22, 2019.
             Slain by an adder (3 damage)
             ... on level 3 of the Dungeon.
             The game lasted 00:02:46 (1674 turns).

Hasart the Insei (Octopode Transmuter)              Turns: 1674, Time: 00:02:47

Health: 0/43       AC:  1    Str: 15    XL:     4   Next: 8%
Magic:  7/7        EV: 13    Int: 20    God:
Gold:   132        SH:  0    Dex: 12    Spells: 6/7 levels left

rFire    . . .     SeeInvis .     - Unarmed
rCold    . . .     Gourm    .   (no shield)
rNeg     . . .     Faith    .   (helmet restricted)
rPois    .         Spirit   .   (no amulet)
rElec    .         Reflect  .   (no ring)
rCorr    .         Harm     .   (no ring)
MR       .....                  (no ring)
Stlth    ..........             (no ring)
HPRegen  0.14/turn              (no ring)
MPRegen  0.10/turn              (no ring)
                                (no ring)
                                (no ring)

@: brilliant, berserking, lethally poisoned (0 -> -2), very quick
A: almost no armour, stealthy swim, amphibious, 8 rings, constrict 8, camouflage
1, gelatinous body 1
a: no special abilities


You were on level 3 of the Dungeon.
You were not hungry.

You visited 1 branch of the dungeon, and saw 3 of its levels.

You collected 132 gold pieces.

Inventory:

Missiles
 a - 26 arrows
Scrolls
 b - 2 scrolls of teleportation {unknown}
 f - 2 scrolls of immolation {unknown}
 i - 5 scrolls of identify {unknown}
 j - a scroll of fear {unknown}
 k - a scroll of fog {unknown}
 l - a scroll of magic mapping {unknown}
Potions
 e - a potion of brilliance
 h - a potion of haste {unknown}
Comestibles
 c - 3 rations
 d - 7 chunks of flesh


   Skills:
 + Level 1.8 Fighting
 + Level 2.5 Dodging
 + Level 2.0 Stealth
 * Level 3.8 Unarmed Combat
 - Level 2.0 Spellcasting
 - Level 2.0 Transmutations


You had 6 spell levels left.
You knew the following spells:

 Your Spells              Type           Power        Failure   Level  Hunger
a - Beastly Appendage     Tmut           ###...       1%          1    #......

Your spell library contained the following spells:

 Spells                   Type           Power        Failure   Level  Hunger
 Sticks to Snakes         Tmut           ###.....     1%          2    ##.....
 Spider Form              Tmut/Pois      ###.......   3%          3    ###....
 Ice Form                 Ice/Tmut       ###.....     12%         4    #####..
 Blade Hands              Tmut           ###.......   19%         5    ######.


Dungeon Overview and Level Annotations

Branches:
Dungeon (3/15)

Altars:

Annotations:
D:3 2 transporters, nono's ghost, amateur FoWn


Innate Abilities, Weirdness & Mutations

You cannot wear most types of armour.
You are very stealthy in the water. (Stealth+)
You are amphibious.
You can wear up to eight rings at the same time.
You can use your tentacles to constrict eight enemies at once.
Your skin changes colour to match your surroundings (Stealth+).
Your rubbery body absorbs attacks. (AC +1, EV +1)


Message History

You constrict the adder. The adder bites you.
* * * LOW HITPOINT WARNING * * *
The adder bites you.
* * * LOW HITPOINT WARNING * * *
You are lethally poisoned!
The adder poisons you!
You tentacle-slap the adder.
The adder is moderately wounded.
You constrict the adder.
* * * LOW HITPOINT WARNING * * *
You feel sick. The adder barely misses you.
Unknown command.
It was a potion of brilliance.
You feel clever all of a sudden.
You constrict the adder. The adder barely misses you.
It was a potion of berserk rage.
A red film seems to cover your vision as you go berserk!
You feel yourself moving faster!
You feel mighty!
You constrict the adder. The adder bites you.
You die...

###### #....#
#######.##.#
##≈≈≈.≈##≈#.#
#≈#####@#≈#.#
#≈# #S#≈#.#
#≈#
#≈#≈#.####
#†#
#≈#≈#...)#
#≈#
#≈#.####.#
#≈# ≈##≈#
#.#########
#.#######.#
#.#...>....
##≈≈≈≈†≈≈##
#....######
#########
#..........


You could see an adder.

Vanquished Creatures
  2 worms (D:3)
  2 leopard geckos
  A ball python (D:1)
  3 bats
  7 giant cockroaches
  3 goblins (D:1)
  8 hobgoblins
  5 jackals
  3 quokkas
  2 frilled lizards
  5 kobolds
  5 rats
46 creatures vanquished.

Notes
Turn   | Place    | Note
-------+----------+-------------------------------------------
     0 | D:1      | Hasart the Octopode Transmuter began the quest for the Orb.
     0 | D:1      | Reached XP level 1. HP: 13/13 MP: 3/3
   209 | D:1      | Reached XP level 2. HP: 18/18 MP: 5/5
   242 | D:1      | Reached skill level 1 in Stealth
   547 | D:1      | Reached XP level 3. HP: 23/23 MP: 6/6
  1447 | D:3      | Found a transporter.
  1447 | D:3      | Noticed nono's ghost (amateur FoWn)
  1448 | D:3      | Found a transporter.
  1657 | D:3      | Reached XP level 4. HP: 10/29 MP: 7/7
  1672 | D:3      | HP: 1/29 [poisoned by an adder]
  1674 | D:3      | Slain by an adder

Levels and vault maps discovered:
D:1:      wander_arrival_desolate, layout_loops_ring
D:2:      layout_basic
D:3:      layout_loops_ring, kennysheep_okawaru_gauntlet, gammafunk_ghost_arena,
          gup_sewer_entry_spiral, uniq_robin, uniq_terence

Skill      XL: |  1  2  3 |
---------------+----------+-----
Stealth        | 1 2 |  2.0
Fighting       | |  1.8
Dodging        | |  2.5
Unarmed Combat | |  3.8
Spellcasting   | |  2.0
Transmutations | |  2.0

Action                   |  1- 3 |  4- 6 || total
-------------------------+-------+-------++-------
Melee: Unarmed           |   103 |     5 ||   108
       Constrict         |    27 |     2 ||    29
       Tentacles         |    22 |     1 ||    23
       Punch             |     3 |       ||     3
  Use: Potion            |       |     2 ||     2
 Stab: Sleeping          |    15 |       ||    15
  Eat: Chunk             |     2 |       ||     2
Armor: Skin              |    11 |       ||    11
Dodge: Dodged            |    60 |     3 ||    63

Table legend:
 A = Non-vault XP
 B = Vault XP
 C = Vault XP percentage of total XP
 D = Non-vault monster count
 E = Vault monster count
 F = Vault count percentage of total count
                 A         B        C        D         E       F
            +---------+---------+-------+---------+---------+-------
      Total |      72 |      17 |  19.1 |      41 |       5 |  10.9
            +---------+---------+-------+---------+---------+-------
        D:1 |      36 |       0 |   0.0 |      20 |       0 |   0.0
        D:2 |      21 |       0 |   0.0 |      13 |       0 |   0.0
        D:3 |      15 |      17 |  53.1 |       8 |       5 |  38.5
            +---------+---------+-------+---------+---------+-------
